 Dungeon Crawl Stone Soup version 0.23-a0-408-g9d4b7edeb2 (webtiles) character file.

54857 Nixze the Thaumaturge (level 14, -9/118 HPs)
             Began as a Purple Draconian Fire Elementalist on Nov 8, 2018.
             Was a High Priest of Sif Muna.
             Mangled by an Ice Fiend (12 damage)
             ... in an ice cave on Nov 9, 2018.
             The game lasted 02:08:37 (34720 turns).

Nixze the Thaumaturge (DrFE)                       Turns: 34720, Time: 02:08:38

Health: -9/118     AC: 13    Str: 17    XL:     14   Next: 36%
Magic:  2/29       EV: 14    Int: 22    God:    Sif Muna [*****.]
Gold:   906        SH:  0    Dex: 13    Spells: 5/35 levels left

rFire    . . .     SeeInvis .   b - +5 hunting sling of Hepliaklqana {velocity, rElec Str+3}
rCold    + . .     Gourm    .   (no shield)
rNeg     . . .     Faith    .   (armour unavailable)
rPois    +         Spirit   .   q - +0 hat {Int+3}
rElec    +         Reflect  .   O - scarf {cloud immunity}
rCorr    .         Harm     .   a - +2 pair of gloves {Str+3}
MR       ++...                  n - +1 pair of boots
Stlth    ++........             m - amulet of regeneration
HPRegen  0.69/turn              T - ring of protection from cold
MPRegen  0.21/turn              H - ring of poison resistance

@: divine energy
A: breathe power, unfitting armour, cold-blooded, AC +8
a: Breathe Dispelling Energy, Stop Divine Energy, Channel Magic, Forget Spell,
Renounce Religion


You were in an ice cave.
You worshipped Sif Muna.
Sif Muna was extremely pleased with you.
You were not hungry.

You visited 4 branches of the dungeon, and saw 20 of its levels.
You also visited: Ice Cave.

You collected 2640 gold pieces.
You spent 1734 gold pieces at shops.

Inventory:

Hand Weapons
 b - the +5 hunting sling of Hepliaklqana (weapon) {velocity, rElec Str+3}
   (You took it off an orc on level 6 of the Dungeon)

   Any stone fired from it inflicts extra damage.
   It affects your strength (+3).
   It insulates you from electricity.
Missiles
 A - 179 sling bullets (quivered)
Armour
 a - a +2 pair of gloves of strength (worn)
 n - a +1 pair of boots (worn)
 q - a +0 hat of intelligence (worn)
 y - a cursed +0 buckler
 E - a +2 cloak
 O - a scarf of cloud immunity (worn)
Jewellery
 m - an amulet of regeneration (around neck)
 G - an uncursed ring of protection from fire
 H - a ring of poison resistance (right hand)
 T - a ring of protection from cold (left hand)
 U - an uncursed ring of protection from magic
 X - an uncursed ring of flight
Wands
 p - a wand of polymorph (19)
 v - a wand of enslavement (12)
 C - a wand of acid (5)
 D - a wand of random effects (37)
 I - a wand of iceblast (7)
 J - a wand of disintegration (23)
 Q - a wand of flame (22)
 R - a wand of scattershot (9)
Scrolls
 c - 2 scrolls of blinking
 e - 2 scrolls of teleportation
 f - a scroll of fear
 g - a scroll of enchant weapon
 u - 6 scrolls of remove curse
 w - 7 scrolls of immolation
 z - a scroll of summoning {unknown}
 F - a scroll of holy word {unknown}
 N - a scroll of silence {unknown}
 P - 4 scrolls of amnesia
 S - a scroll of magic mapping
 V - a scroll of acquirement
 Y - a scroll of enchant armour {unknown}
 Z - a scroll of noise {unknown}
Potions
 d - a potion of brilliance
 h - a potion of cancellation
 i - 3 potions of haste
 j - a potion of invisibility
 k - 2 potions of lignification
 l - 3 potions of berserk rage
 r - 4 potions of might
 s - a potion of agility
 t - 5 potions of magic
 x - 9 potions of curing
 B - 5 potions of ambrosia
 L - 2 potions of flight
Comestibles
 o - 24 rations


   Skills:
 + Level 9.1 Fighting
 - Level 4.3 Dodging
 - Level 1.7 Stealth
 + Level 11.4 Spellcasting
 - Level 8.4 Conjurations
 - Level 7.0 Hexes
 * Level 10.6 Summonings
 * Level 10.5 Necromancy
 - Level 8.8 Fire Magic
 + Level 9.2 Invocations


You had 5 spell levels left.
You knew the following spells:

 Your Spells              Type           Power        Failure   Level  Hunger
a - Flame Tongue          Conj/Fire      #####        1%          1    None
b - Summon Mana Viper     Hex/Summ       ######..     3%          5    ####...
c - Conjure Flame         Conj/Fire      ######..     1%          3    None
d - Sticky Flame          Conj/Fire      ######..     1%          4    None
e - Fireball              Conj/Fire      ######....   4%          5    ####...
f - Haunt                 Necr/Summ      ######....   50%         7    #######
g - Summon Butterflies    Summ           ######..     1%          1    None
h - Animate Dead          Necr           N/A          1%          4    None

Your spell library contained the following spells:

 Spells                   Type           Power        Failure   Level  Hunger
 Animate Skeleton         Necr           N/A          1%          1    None
 Confusing Touch          Hex            #####.       1%          1    None
 Corona                   Hex            #####..      1%          1    None
 Magic Dart               Conj           ####         1%          1    None
 Pain                     Necr           ####         1%          1    None
 Sting                    Conj/Pois      ####         1%          1    None
 Summon Small Mammal      Summ           ####         1%          1    None
 Call Imp                 Summ           ######..     1%          2    None
 Ensorcelled Hibernation  Hex/Ice        ####..       1%          2    None
 Slow                     Hex            #####...     1%          2    None
 Throw Flame              Conj/Fire      ######       1%          2    None
 Call Canine Familiar     Summ           ######..     1%          3    None
 Confuse                  Hex            #####...     1%          3    None
 Dazzling Spray           Conj/Hex       #####.       1%          3    None
 Inner Flame              Hex/Fire       #####...     1%          3    None
 Regeneration             Chrm/Necr      #####.....   1%          3    None
 Tukima's Dance           Hex            #####...     1%          3    None
 Vampiric Draining        Necr           ######....   1%          3    None
 Iskenderun's Mystic Bla  Conj           #####...     1%          4    None
 Static Discharge         Conj/Air       ####....     2%          3    None
 Stone Arrow              Conj/Erth      ####..       2%          3    None
 Fulminant Prism          Conj/Hex       #####.....   2%          4    None
 Mephitic Cloud           Conj/Pois/Air  ####....     4%          3    None
 Apportation              Tloc           ##....       5%          1    None
 Beastly Appendage        Tmut           ##....       5%          1    None
 Sandblast                Erth           ##....       5%          1    None
 Blink                    Tloc           N/A          8%          2    None
 Passwall                 Tmut/Erth      ##......     8%          2    None
 Poisonous Vapours        Pois/Air       ##....       8%          2    None
 Sticks to Snakes         Tmut           ##......     8%          2    None
 Gell's Gravitas          Tloc           ##........   16%         3    None
 Lesser Beckoning         Tloc           ##........   16%         3    None
 Spider Form              Tmut/Pois      ##........   16%         3    None
 Lightning Bolt           Conj/Air       ####......   26%         5    ####...
 Venom Bolt               Conj/Pois      ####......   26%         5    ####...
 Metabolic Englaciation   Hex/Ice        ####......   34%         5    ####...
 Yara's Violent Unravell  Hex/Tmut       ####......   34%         5    ####...
 Ice Form                 Ice/Tmut       ##......     45%         4    None
 Olgreb's Toxic Radiance  Pois           ##......     45%         4    None
 Petrify                  Tmut/Erth      ##......     45%         4    None
 Alistair's Intoxication  Tmut/Pois      ##......     82%         5    ####...
 Blade Hands              Tmut           ##........   82%         5    ####...
 Lee's Rapid Deconstruct  Erth           ##........   82%         5    ####...
 Bolt of Fire             Conj/Fire      ######....   22%         6    #####..
 Invisibility             Hex            #####...     41%         6    #####..
 Conjure Ball Lightning   Conj/Air       ####......   80%         6    #####..
 Poison Arrow             Conj/Pois      ####......   80%         6    #####..
 Borgnjor's Revivificati  Necr           ######....   99%         8    #######
 Infestation              Necr           ######....   99%         8    #######
 Ozocubu's Refrigeration  Ice            ##........   100%        6    #####..
 Death's Door             Chrm/Necr      #####.....   100%        8    #######
 Necromutation            Tmut/Necr      #####.....   100%        8    #######


Dungeon Overview and Level Annotations

Branches:
Dungeon (11/15)            Temple (0/1) D:6            Lair (6/6) D:9
 Shoals (0/4) Lair:2        Snake (1/4) Lair:2        Slime (0/5) Lair:5
    Orc (2/2) D:10            Elf (0/3) Orc:2

Altars:
Ashenzari
Cheibriados
Elyvilon
Fedhas
Gozag
Hepliaklqana
Makhleb
Okawaru
Ru
Sif Muna
Trog
Uskayaw
Vehumet
Wu Jian
Xom
The Shining One
Beogh

Shops:
D:4 }   D:9 (   D:10 [   Orc:2 *==%[


Innate Abilities, Weirdness & Mutations

You can breathe bolts of dispelling energy.
Your rich purple scales are hard. (AC +8)
You cannot fit into any form of body armour.
You are cold-blooded and may be slowed by cold attacks.


Message History

Unknown command.
Unknown command.
Unknown command.
Casting: Sticky Flame (safe; 1% risk of failure)
Confirm with . or Enter, or press ? or * to list all spells.
Aiming: Sticky Flame (safe; 1% risk of failure)
Press: ? - help, Shift-Dir - straight line, f/p - Ice Fiend
Aim: an Ice Fiend (heavily wounded, covered in liquid flames)
You miscast Sticky Flame.
Sif Muna protects you from the effects of your miscast!
The Ice Fiend burns!
Your mana viper bites the Ice Fiend!
The Ice Fiend's magic leaks into the air.
The Ice Fiend claws you!!
* * * LOW HITPOINT WARNING * * *
The Ice Fiend freezes you! You resist.
* * * LOW HITPOINT WARNING * * *
The Ice Fiend claws you!
* * * LOW HITPOINT WARNING * * *
The Ice Fiend freezes you! You resist.
You die...

## ### #.##
##.## ####b.b#
#.#.##
#.#.b..#$)#
##.#.##
##.#SS.b..#
####.#
##.#@1#.#.#.#
#..# #.##.## #
##..##
##.#####
#....##
##.#..##
##.....#
#..#...#
#...#..##
#...##.##
##..###..#
#.⌠###..#
#..##
##.####..###.#
#.## #..#
#####..#


You could see an Ice Fiend (burning) and 2 friendly mana vipers.

Vanquished Creatures
  3 hydras
  Harold (D:7)
  5 two-headed ogres
  Nergalle (Lair:2)
  Pikel (D:6)
  5 oklob plants (Lair:3)
  Joseph (D:9)
  3 elephants (Lair:5)
  3 black mambas
  A guardian serpent (Lair:2)
  An ice statue (IceCv)
  10 spiny frogs
  4 ice devils (IceCv)
  4 rime drakes
  3 anaconda simulacra (IceCv)
  3 komodo dragons
  2 golden dragon simulacra (IceCv)
  2 tyrant leeches (Lair:6)
  A troll (D:9)
  2 polar bears (Lair:6)
  A hornet (D:9)
  Prince Ribbit (D:7)
  Grinder (D:5)
  10 blink frogs
  4 hippogriffs
  3 dire elephant simulacra (IceCv)
  A wyvern (Lair:5)
  43 yaks
  A vampire (D:11)
  Eustachio (D:4)
  A steam dragon (D:10)
  4 vampire mosquitoes
  A death yak simulacrum (IceCv)
  A basilisk (Lair:2)
  A warg (Orc:1)
  An iron troll simulacrum (IceCv)
  A harpy simulacrum (IceCv)
  A naga (Snake:1)
  8 water moccasins
  5 porcupines
  4 hydra simulacra (IceCv)
  Duvessa (D:5)
  2 ice beasts
  3 sky beasts
  3 phantoms
  9 orc warriors
  21 ogres
  3 wolves (D:9)
  8 crocodiles
  6 centaurs
  3 big kobolds
  16 bullfrogs
  A water moccasin zombie (D:8)
  4 scorpions
  8 wights
  12 killer bees
  4 howler monkeys
  2 electric eels (D:9)
  4 bullfrog zombies
  3 draconian simulacra (IceCv)
  9 hounds
  2 jellies
  12 orc priests
  12 orc wizards
  4 bullfrog skeletons
  2 centaur skeletons
  3 iguanas
  Natasha (thrice) (D:4)
  4 worker ants
  3 troll simulacra (IceCv)
  A centaur simulacrum (IceCv)
  A mummy (D:5)
  A howler monkey zombie (D:5)
  Robin (D:4)
  A howler monkey skeleton (D:2)
  2 worker ant zombies
  3 gnolls (D:9)
  6 adders
  A shadow imp (D:9)
  5 white imps (IceCv)
  2 ufetubi (IceCv)
  An ooze (D:4)
  An adder zombie (D:6)
  3 worms
  A dart slug (D:3)
  4 leopard geckos
  51 orcs
  5 bats
  6 giant cockroaches
  18 goblins
  5 hobgoblins
  10 jackals
  15 kobolds
  7 quokkas
  3 ball pythons
  5 frilled lizards
  A quokka zombie (D:6)
  6 rats
  2 plants (Lair:3)
485 creatures vanquished.

Vanquished Creatures (collateral kills)
  2 hydras
  The ghost of Scypier the Cleaver, a novice MiMo of the Shining One (D:9)
  10 two-headed ogres
  4 ogre magi (Orc:2)
  A naga sharpshooter (Snake:1)
  An orc high priest (Orc:1)
  Sonja (Orc:2)
  An orc sorcerer (Orc:2)
  An ugly thing (IceCv)
  A naga mage (Snake:1)
  7 spiny frogs (Lair:6)
  3 freezing wraiths (IceCv)
  A komodo dragon (Lair:6)
  2 ice devils (IceCv)
  A troll (Orc:2)
  2 polar bears (Lair:6)
  3 tyrant leeches (Lair:6)
  7 blink frogs (Lair:6)
  2 dire elephant simulacra (IceCv)
  2 yaks (Lair:6)
  A death yak simulacrum (IceCv)
  2 vampire mosquitoes (Lair:6)
  Edmund (D:6)
  A warg (Orc:2)
  2 harpy simulacra (IceCv)
  2 water moccasins (Lair:6)
  A hydra simulacrum (IceCv)
  3 orc warriors
  19 ogres
  4 bullfrogs (Lair:6)
  Dowan (D:5)
  5 orc priests
  2 orc wizards
  2 troll simulacra (IceCv)
  A centaur simulacrum (IceCv)
  An ogre simulacrum (IceCv)
  6 white imps (IceCv)
  2 ufetubi (IceCv)
  13 orcs
  2 fungi (Lair:6)
124 creatures vanquished.

Vanquished Creatures (others)
  An adder (D:9)
  13 fungi
  48 plants
62 creatures vanquished.

Grand Total: 671 creatures vanquished

Notes
Turn   | Place    | Note
-------+----------+-------------------------------------------
     0 | D:1      | Nixze the Draconian Fire Elementalist began the quest for
                  | the Orb.
     0 | D:1      | Reached XP level 1. HP: 14/14 MP: 3/3
   193 | D:1      | Reached XP level 2. HP: 13/20 MP: 0/5
   200 | D:1      | Learned a level 2 spell: Throw Flame
  1299 | D:2      | Reached XP level 3. HP: 26/26 MP: 0/6
  1420 | D:2      | Learned a level 3 spell: Conjure Flame
  1547 | D:2      | Found a glowing golden altar of the Shining One.
  1864 | D:2      | Found a deep blue altar of Sif Muna.
  1868 | D:2      | Became a worshipper of Sif Muna the Loreminder
  1918 | D:2      | Found a burning altar of Makhleb.
  1942 | D:2      | Found a shattered altar of Ashenzari.
  1945 | D:2      | Found a hazy altar of Hepliaklqana.
  2152 | D:2      | Found an opulent altar of Gozag.
  2152 | D:2      | Found an ornate altar of the Wu Jian Council.
  2161 | D:2      | Reached XP level 4. HP: 33/33 MP: 0/8
  2233 | D:2      | Found a sacrificial altar of Ru.
  3274 | D:3      | Reached XP level 5. HP: 35/38 MP: 5/9
  3855 | D:4      | Noticed Eustachio
  3875 | D:4      | Found Igitose's Gadget Shoppe.
  3922 | D:4      | Noticed a dagger
  3924 | D:4      | Noticed a hand axe
  3936 | D:4      | Found a hide-covered altar of Uskayaw.
  4102 | D:4      | Noticed Robin
  4109 | D:4      | Killed Robin
  4127 | D:4      | Reached * piety under Sif Muna
  4331 | D:4      | Noticed Natasha
  4342 | D:4      | Killed Natasha
  4419 | D:4      | Found a shimmering altar of Xom.
  4419 | D:4      | Noticed a phantom
  4455 | D:4      | Killed a phantom
  4455 | D:4      | Reached skill level 5 in Fire Magic
  4455 | D:4      | Reached XP level 6. HP: 41/45 MP: 0/10
  4537 | D:4      | Found a shimmering altar of Xom.
  4539 | D:4      | Found a shimmering altar of Xom.
  4540 | D:4      | Found a shimmering altar of Xom.
  4541 | D:4      | Found a shimmering altar of Xom.
  4541 | D:4      | Found a shimmering altar of Xom.
  4543 | D:4      | Found a shimmering altar of Xom.
  4604 | D:4      | Found a white marble altar of Elyvilon.
  5265 | D:4      | Noticed Natasha
  5276 | D:4      | Killed Natasha
  5286 | D:4      | Learned a level 4 spell: Sticky Flame
  5360 | D:4      | Noticed Natasha
  5372 | D:4      | Killed Natasha
  5426 | D:4      | Killed Eustachio
  5426 | D:4      | Reached skill level 5 in Conjurations
  5426 | D:4      | Your scales start taking on a rich purple colour.
  5426 | D:4      | Reached skill level 3 in Spellcasting
  5426 | D:4      | Reached XP level 7. HP: 39/50 MP: 0/12
  5548 | D:5      | Entered Level 5 of the Dungeon
  5558 | D:5      | Found a snail-covered altar of Cheibriados.
  5782 | D:5      | Reached ** piety under Sif Muna
  5808 | D:5      | Noticed Duvessa
  5808 | D:5      | Noticed Dowan
  5843 | D:5      | Reached skill level 4 in Spellcasting
  6139 | D:5      | Found an iron altar of Okawaru.
  6294 | D:5      | Reached skill level 5 in Spellcasting
  6294 | D:5      | Reached XP level 8. HP: 42/57 MP: 8/15
  6301 | D:5      | Learned a level 5 spell: Fireball
  6476 | D:5      | Noticed Grinder
  6483 | D:5      | Paralysed by Grinder for 5 turns
  6491 | D:5      | Paralysed by Grinder for 2 turns
  6494 | D:5      | Killed Grinder
  6904 | D:6      | Found a bloodstained altar of Trog.
  6910 | D:6      | Reached skill level 6 in Spellcasting
  7352 | D:6      | Identified the +5 hunting sling of Hepliaklqana {velocity,
                  | rElec Str+3}
  7354 | D:6      | Reached *** piety under Sif Muna
  7355 | D:6      | Found a staircase to the Ecumenical Temple.
  7360 | D:6      | Reached skill level 7 in Spellcasting
  7556 | D:6      | Noticed Edmund
  7901 | D:6      | Reached skill level 1 in Fighting
  8314 | D:7      | Reached skill level 1 in Invocations
  8457 | D:7      | Reached XP level 9. HP: 54/64 MP: 8/19
  8466 | D:7      | Learned a level 7 spell: Haunt
  8598 | D:7      | Noticed Harold
  9146 | D:7      | Noticed Prince Ribbit
  9163 | D:7      | Killed Prince Ribbit
  9920 | D:7      | Noticed Pikel
  9933 | D:7      | Reached **** piety under Sif Muna
  9947 | D:6      | Killed Pikel
  9947 | D:6      | Reached skill level 8 in Spellcasting
 10245 | D:7      | Killed Harold
 10245 | D:7      | Reached skill level 1 in Summonings
 10245 | D:7      | Reached skill level 1 in Necromancy
 10245 | D:7      | Reached XP level 10. HP: 29/78 MP: 4/22
 10740 | D:8      | Got an encrusted dagger
 10772 | D:8      | Identified the +6 dagger of Baejefa {pierce, rC++ Str+4
                  | Int-2} (You found it on level 8 of the Dungeon)
 11053 | D:8      | Learned a level 1 spell: Summon Butterflies
 11641 | D:9      | Noticed Joseph
 12318 | D:9      | Reached ***** piety under Sif Muna
 12322 | D:9      | Identified Sif Muna's Guide on Air and the Escort (Sif Muna
                  | gifted it to you on level 9 of the Dungeon)
 12322 | D:9      | Received a gift from Sif Muna
 12686 | D:9      | Learned a level 5 spell: Summon Mana Viper
 12738 | D:9      | Found a staircase to the Lair.
 12744 | D:9      | Noticed a two-headed ogre
 13142 | D:9      | Killed Joseph
 13142 | D:9      | Reached skill level 1 in Hexes
 13554 | D:9      | Reached XP level 11. HP: 85/85 MP: 23/23
 13590 | D:9      | Killed a two-headed ogre
 13688 | D:9      | Found Emyufat's Antique Weapon Emporium.
 13739 | D:9      | Reached skill level 5 in Invocations
 14024 | D:9      | Found a blossoming altar of Fedhas.
 14128 | D:9      | Found a runed gate.
 14128 | D:9      | Found a runed gate.
 14128 | D:9      | Found a runed gate.
 14128 | D:9      | Noticed Scypier's ghost (novice MiMo)
 14175 | D:10     | Entered Level 10 of the Dungeon
 14257 | D:10     | Reached skill level 5 in Fighting
 14874 | D:10     | Reached skill level 9 in Spellcasting
 15097 | D:10     | Found Koxtitoc's Armour Emporium.
 15099 | D:10     | Found a staircase to the Orcish Mines.
 15765 | D:11     | Identified Sif Muna's Catalogue of Shifting Weightlessness
                  | (Sif Muna gifted it to you on level 11 of the Dungeon)
 15765 | D:11     | Received a gift from Sif Muna
 16025 | D:11     | Noticed a deep elf mage
 16032 | D:11     | Reached skill level 5 in Summonings
 16052 | D:11     | Reached skill level 5 in Necromancy
 16342 | Lair:1   | Entered Level 1 of the Lair of Beasts
 16793 | Lair:1   | Noticed a five-headed hydra
 16798 | Lair:1   | Killed a five-headed hydra
 16798 | Lair:1   | Reached skill level 5 in Hexes
 17053 | Lair:1   | Found a radiant altar of Vehumet.
 17435 | Lair:2   | Found a staircase to the Snake Pit.
 17618 | Lair:2   | Reached XP level 12. HP: 57/96 MP: 13/25
 17961 | Lair:2   | Noticed Nergalle
 17961 | Lair:2   | Noticed an eight-headed hydra
 18141 | Lair:2   | Found a staircase to the Shoals.
 18177 | Lair:2   | Killed Nergalle
 18421 | Lair:2   | Killed an eight-headed hydra
 19188 | Lair:3   | Found a labyrinth entrance.
 19921 | Lair:3   | Identified Sif Muna's Reference Book on Confrontation (Sif
                  | Muna gifted it to you on level 3 of the Lair of Beasts)
 19921 | Lair:3   | Received a gift from Sif Muna
 20668 | Lair:4   | Reached skill level 10 in Spellcasting
 21520 | Lair:4   | Noticed a seven-headed hydra
 21527 | Lair:4   | Killed a seven-headed hydra
 22695 | Lair:5   | Found a staircase to the Slime Pits.
 22866 | Lair:5   | Reached XP level 13. HP: 96/105 MP: 1/27
 23291 | Lair:6   | Entered Level 6 of the Lair of Beasts
 24161 | Lair:6   | Received a gift from Sif Muna
 24306 | Lair:5   | Learned a level 4 spell: Animate Dead
 24641 | Lair:5   | Found a staircase to the Slime Pits.
 26499 | Lair:6   | Identified 2 scrolls of acquirement
 27015 | Orc:1    | Entered Level 1 of the Orcish Mines
 27469 | Orc:2    | Entered Level 2 of the Orcish Mines
 27469 | Orc:2    | Found Kuofanicau's Assorted Antiques.
 27618 | Orc:2    | Bought a runed cloak for 240 gold pieces
 27618 | Orc:2    | Bought a scroll labeled BODEXO XEREUXT for 32 gold pieces
 27618 | Orc:2    | Bought a scroll labeled SORUKHL TIJABBU for 32 gold pieces
 27618 | Orc:2    | Bought a scroll of amnesia for 112 gold pieces
 27618 | Orc:2    | Bought a scroll of immolation for 112 gold pieces
 27924 | Orc:2    | Noticed Sonja
 28066 | Orc:2    | Killed Sonja
 28262 | Orc:2    | Reached skill level 11 in Spellcasting
 28692 | Orc:2    | Identified Sif Muna's Volume of the Creative Glacier (Sif
                  | Muna gifted it to you on level 2 of the Orcish Mines)
 28692 | Orc:2    | Received a gift from Sif Muna
 28698 | Orc:2    | Reached skill level 10 in Summonings
 28732 | Orc:2    | Reached XP level 14. HP: 99/116 MP: 2/29
 29022 | Orc:2    | Found a roughly hewn altar of Beogh.
 29092 | Orc:2    | Reached skill level 10 in Necromancy
 29195 | Orc:2    | Found a staircase to the Elven Halls.
 29280 | Orc:2    | Found Ohopoin's Jewellery Shop.
 29280 | Orc:2    | Found Zial's Jewellery Shoppe.
 29281 | Orc:2    | Found Riuruzyo's Food Shoppe.
 29281 | Orc:2    | Found Taucad's Armour Boutique.
 29288 | Orc:2    | Bought an uncursed ring of protection from fire for 425
                  | gold pieces
 29288 | Orc:2    | Bought an uncursed ring of poison resistance for 340 gold
                  | pieces
 29290 | Orc:2    | Bought a scarf of cloud immunity for 91 gold pieces
 29291 | Orc:2    | Bought an uncursed ring of protection from magic for 350
                  | gold pieces
 30161 | D:5      | Killed Dowan
 30167 | D:5      | Killed Duvessa
 30333 | D:6      | Found a bloodstained altar of Trog.
 30465 | D:6      | Found a staircase to the Ecumenical Temple.
 30809 | D:6      | Killed Edmund
 30922 | D:9      | Killed Scypier's ghost
 31032 | Snake:1  | Entered Level 1 of the Snake Pit
 31125 | Snake:1  | Found a frozen archway.
 31190 | IceCv    | Entered an ice cave
 33616 | IceCv    | Noticed an Ice Fiend
 33634 | IceCv    | HP: 2/118 [dire elephant simulacrum (20)]
 34720 | IceCv    | HP: 3/118 [Ice Fiend (7)]
 34720 | IceCv    | Mangled by an Ice Fiend

Vault maps used:
D:1:      roderic_dead_forest
D:2:      minitemple, grunt_temple_overflow_cloverleaf, tso_altar
D:4:      dancing_weapons_uskayaw, lemuel_doored_altar,
          nicolae_xom_altar_mimics, first_ration, serial_shops, kennysheep_mini,
          uniq_eustachio, uniq_robin, uniq_natasha
D:5:      slow_altar_1, basic_altar, uniq_duvessa, uniq_grinder
D:6:      minmay_temple_entry_junction, basic_altar, uniq_edmund
D:7:      grunt_ogre_cave, minmay_misc_feat_plants, uniq_pikel,
          uniq_prince_ribbit1, uniq_harold
D:8:      minivault_19, interstate_on_off
D:9:      marbit_many_paths, erik_lair_island, serial_shops, nicolae_shop_trees,
          ebering_ghost_rock_garden, uniq_joseph
D:10:     orc_david_3
Lair:1:   basic_altar, infiniplex_staircase_pool
Lair:2:   shoals_dummy_entry, minmay_snake_entry_spellcaster, st_stairs_5,
          uniq_nergalle
Lair:3:   lab_entry_generic, st_stairs_12, minmay_holes, pond,
          minmay_lair_oklob_chamber
Lair:5:   slime_dummy
Lair:6:   minmay_lair_end_frog_pond, chequers_serial_rivers_small_3,
          cheibrodos_lair_lostbears
Snake:1:  portal_ice_cave_entry_pillars_three, lemuel_fruit_tree, uniq_josephine
Orc:2:    st_orc_ogre_mass, serial_shops, nicolae_shop_trees,
          david_defended_altar_orc, uniq_sonja
IceCv:    ice_cave_caverns_01

Skill      XL: |  1  2  3  4  5  6  7  8  9 10 11 12 13 14 |
---------------+-------------------------------------------+-----
Conjurations   | 2 3 4 5 6 7 8 |  8.4
Fire Magic     | 4 5 6 7 8 |  8.8
Spellcasting   | 3 5 7 8 9 10 11 | 11.4
Fighting       | 1 3 4 6 7 8 9 |  9.1
Dodging        | 2 3 4 |  4.3
Invocations    | 1 3 4 6 7 8 9 |  9.2
Summonings     | 1 3 6 8 10 | 10.6
Necromancy     | 1 3 5 8 9 10 | 10.5
Hexes          | 1 5 6 7 |  7.0
Stealth        | |  1.7

Action                   |  1- 3 |  4- 6 |  7- 9 | 10-12 | 13-15 || total
-------------------------+-------+-------+-------+-------+-------++-------
Melee: Unarmed           |    12 |       |       |       |       ||    12
       Club              |    20 |     6 |       |       |       ||    26
       Tailslap          |     4 |     5 |       |       |       ||     9
       Short sword       |       |    35 |       |       |       ||    35
       Dagger            |       |     4 |     2 |     1 |       ||     7
 Fire: Hunting sling     |       |       |     1 |   181 |    66 ||   248
 Cast: Flame Tongue      |    79 |   125 |   190 |   319 |   189 ||   902
       Throw Flame       |     4 |    10 |    60 |    18 |       ||    92
       Conjure Flame     |       |     1 |     1 |     7 |     5 ||    14
       Sticky Flame      |       |       |    34 |   202 |   142 ||   378
       Summon Butterflie |       |       |       |     3 |    11 ||    14
       Fireball          |       |       |       |    13 |     6 ||    19
       Summon Mana Viper |       |       |       |       |   151 ||   151
       Animate Dead      |       |       |       |       |     3 ||     3
Invok: Divine Energy     |       |     1 |       |       |       ||     1
       Channel Magic     |       |       |       |       |     2 ||     2
 Abil: Breathe Dispellin |       |       |     1 |     1 |     3 ||     5
       Evoke Flight      |       |       |       |       |     1 ||     1
  Use: Scroll            |       |     5 |       |    15 |     9 ||    29
       Potion            |       |       |     1 |     1 |     6 ||     8
  Eat: Chunk             |     5 |    11 |    15 |    37 |    29 ||    97
       Ration            |       |       |     1 |     6 |    12 ||    19
Armor: Skin              |    30 |    37 |    34 |    87 |    85 ||   273
Dodge: Dodged            |    37 |    52 |    64 |   298 |   228 ||   679

Table legend:
 A = Non-vault XP
 B = Vault XP
 C = Vault XP percentage of total XP
 D = Non-vault monster count
 E = Vault monster count
 F = Vault count percentage of total count
                 A         B        C        D         E       F
            +---------+---------+-------+---------+---------+-------
      Total |   38128 |   40240 |  51.3 |     400 |     206 |  34.0
            +---------+---------+-------+---------+---------+-------
        D:1 |      31 |       0 |   0.0 |      17 |       0 |   0.0
        D:2 |      69 |       0 |   0.0 |      19 |       0 |   0.0
        D:3 |     160 |       0 |   0.0 |      26 |       0 |   0.0
        D:4 |     388 |     261 |  40.2 |      14 |      13 |  48.1
        D:5 |     639 |     442 |  40.9 |      16 |       4 |  20.0
        D:6 |     684 |     746 |  52.2 |      26 |       2 |   7.1
        D:7 |    1973 |    1357 |  40.8 |      45 |       3 |   6.2
        D:8 |    1152 |       0 |   0.0 |       9 |       0 |   0.0
        D:9 |    3371 |    1782 |  34.6 |      45 |       9 |  16.7
       D:10 |    2343 |     270 |  10.3 |      29 |       7 |  19.4
       D:11 |    2726 |       0 |   0.0 |      26 |       0 |   0.0
     Lair:1 |    3710 |       0 |   0.0 |      15 |       0 |   0.0
     Lair:2 |    2548 |    1238 |  32.7 |       8 |       2 |  20.0
     Lair:3 |    1027 |    3855 |  79.0 |       5 |      12 |  70.6
     Lair:4 |    3677 |       0 |   0.0 |      14 |       0 |   0.0
     Lair:5 |    6216 |     527 |   7.8 |      23 |       3 |  11.5
     Lair:6 |    3265 |    9878 |  75.2 |      16 |      47 |  74.6
    Snake:1 |    1202 |       0 |   0.0 |       4 |       0 |   0.0
      Orc:1 |    1574 |     915 |  36.8 |      18 |       1 |   5.3
      Orc:2 |    1373 |   11510 |  89.3 |      25 |      45 |  64.3
      IceCv |       0 |    7459 | 100.0 |       0 |      58 | 100.0
            +---------+---------+-------+---------+---------+-------
